 Dungeon Crawl Stone Soup version 0.30-a0-728-gc68057be0a (webtiles) character file.

Game seed: 10127662524518730708

140 Depression the Conjurer (level 5, -2/28 HPs)
             Began as a Deep Elf Conjurer on Jan 31, 2023.
             Killed from afar by Natasha (11 damage)
             ... with a magic dart
             ... on level 1 of the Dungeon.
             The game lasted 00:09:28 (1329 turns).

Depression the Conjurer (Deep Elf Conjurer)         Turns: 1329, Time: 00:09:28

Health: -2/28      AC:  2    Str:  6    XL:     5   Next: 2%
Magic:  1/14       EV: 12    Int: 23    God:
Gold:   74         SH:  0    Dex: 13    Spells: 8/14 levels left

rFire   . . .      SeeInvis .    j - +0 falchion
rCold   . . .      Faith    .    (no shield)
rNeg    . . .      Spirit   .    a - +0 robe
rPois   .          Reflect  .    h - +0 hat
rElec   .          Harm     .    (no cloak)
rCorr   .          Rampage  .    (no gloves)
Will    .....                    (no boots)
Stlth   ++                       (no amulet)
HPRegen 0.24/turn                (no ring)
MPRegen 0.14/turn                (no ring)

@: no status effects
A: no striking features
a: no special abilities


You were on level 1 of the Dungeon.
You visited 1 branch of the dungeon, and saw 2 of its levels.

You collected 74 gold pieces.

Inventory:

Hand Weapons
 j - a +0 falchion (weapon)
 n - a +0 shortbow
Armour
 a - a +0 robe (worn)
 h - a +0 hat (worn)
Scrolls
 c - a scroll of fog {unknown}
 d - 2 scrolls of amnesia {unknown}
 f - a scroll of identify {unknown}
 i - 2 scrolls of magic mapping {unknown}
 l - 2 scrolls of teleportation {unknown}
 m - 2 scrolls of noise {unknown}
 o - a scroll of enchant armour {unknown}
Potions
 b - a potion of magic
 e - a potion of brilliance {unknown}
 g - 2 potions of curing {unknown}
 k - a potion of might {unknown}


   Skills:
 - Level 3.0 Dodging
 - Level 3.0 Stealth
 + Level 5.0 Spellcasting
 + Level 5.0 Conjurations
 + Level 2.1 Earth Magic


You had 8 spell levels left.
You knew the following spells:

 Your Spells              Type           Power      Damage    Failure   Level
a - Magic Dart            Conj           100%       1d8       1%          1
b - Searing Ray           Conj           58%        2d6       1%          2
c - Stone Arrow           Conj/Erth      44%        3d9       6%          3

Your spell library contained the following spells:

 Spells                   Type           Power      Damage    Failure   Level
 Dazzling Flash           Conj/Hex       34%        N/A       10%         3
 Fulminant Prism          Conj/Hex       8%         3d6       32%         4
 Iskenderun's Mystic Bla  Conj/Tloc      17%        2d5       32%         4
 Animate Armour           Summ/Erth      20%        N/A       52%         4
 Lehudib's Crystal Spear  Conj/Erth      11%        10d4      100%        8


Dungeon Overview and Level Annotations

Branches:
Dungeon (2/15) Zot: 10661

Altars:

Annotations:
D:1 Natasha


Message History

You feel disoriented. Natasha casts a spell at you. The magic dart hits you!
You take 9 damage, and have 19/28 hp.
THAT REALLY HURT!
Natasha mumbles some strange words.
Natasha glows brightly for a moment.
Natasha barely misses you.
The kobold throws a stone.
The stone closely misses you.
There is a stone staircase leading up here.
Natasha barely misses you.
You climb upwards.
There is a stone staircase leading down here.
Casting: Searing Ray (safe; 1% risk of failure)
Confirm with . or Enter, or press ? or * to list all spells.
The spell is quite dangerous to miscast (6% risk of failure)!
Continue anyway?
Aiming: Stone Arrow (quite dangerous; 6% risk of failure)
Press: ? - help, Shift-Dir - straight line, f - Natasha
Aim: Natasha (64% to hit)
The stone arrow misses Natasha.
* * * LOW MAGIC WARNING * * *
Natasha barely misses you.
You now have 0/14 mp.
You hit Natasha.
Natasha is moderately wounded.
Natasha claws you!
You take 8 damage, and have 12/28 hp.
THAT REALLY HURT!
You hit Natasha.
Natasha is heavily wounded.
Natasha closely misses you. Natasha completely misses you.
You closely miss Natasha.
Natasha is heavily wounded.
Natasha stares at you and mumbles some strange words.
The magic dart hits you.
* * * LOW HITPOINT WARNING * * *
You take 4 damage, and have 8/28 hp.
You barely miss Natasha.
Natasha is heavily wounded.
Natasha stares at you and mumbles some strange words.
The magic dart hits you!
You die...

..............................#
....................#.........#
..............................#
###...........................#
#.................#.........###
####................#...........#
†...................#####.......#
..............##h#### #.......#
..............##@# #....####
.♣♣.~♣..#.....##.# #....#
.♣P~P♣..#.######.# ######
.♣♣.♣♣♣.#......#.#
.♣♣.♣♣..♣..###.#.# ♣♣~~♣♣♣♣♣♣.#
#.#.# ♣P~..†P♣PP.# #.#.#
~~~~.~~.~..# #.#.# P♣~~~♣.~~P##
#.#.#


You could see Natasha.

Vanquished Creatures
  Natasha (twice) (D:2)
  Terence (D:2)
  2 adders (D:2)
  A worm (D:2)
  A dart slug (D:1)
  2 endoplasms
  3 giant cockroaches
  8 goblins
  2 hobgoblins
  2 jackals (D:2)
  3 quokkas (D:1)
  4 ball pythons
  6 bats (D:1)
  2 frilled lizards
  3 kobolds
42 creatures vanquished.

Notes
Turn   | Place    | Note
-------+----------+-------------------------------------------
     0 | D:1      | Depression the Deep Elf Conjurer began the quest for the
                  | Orb.
     0 | D:1      | Reached XP level 1. HP: 10/10 MP: 6/6
   158 | D:1      | Reached XP level 2. HP: 15/15 MP: 4/8
   720 | D:2      | Learned a level 2 spell: Searing Ray
   725 | D:2      | Reached XP level 3. HP: 19/19 MP: 5/10
   729 | D:2      | Learned a level 3 spell: Stone Arrow
   834 | D:2      | Noticed Terence
   837 | D:2      | Killed Terence
   838 | D:2      | Reached skill level 3 in Stealth
   838 | D:2      | Reached skill level 4 in Spellcasting
   838 | D:2      | Reached skill level 5 in Conjurations
   838 | D:2      | Reached skill level 1 in Earth Magic
   839 | D:2      | Reached XP level 4. HP: 24/24 MP: 1/12
   929 | D:2      | Noticed Natasha
   930 | D:2      | Killed Natasha
   931 | D:2      | Reached skill level 3 in Dodging
  1292 | D:2      | Noticed Natasha
  1298 | D:2      | Killed Natasha
  1299 | D:2      | Reached skill level 5 in Spellcasting
  1299 | D:2      | Reached skill level 2 in Earth Magic
  1304 | D:2      | Reached XP level 5. HP: 28/28 MP: 3/14
  1317 | D:2      | Noticed Natasha
  1329 | D:1      | Killed from afar by Natasha

Illustrated notes

Levels and vault maps discovered:
D:1:      tarquinn_simple_flora_water_e, layout_basic, serial_bayou_crossing
D:2:      layout_rooms, serial_shops, shop_coins, uniq_terence, uniq_natasha,
          uniq_robin

Skill      XL: |  1  2  3  4 |
---------------+-------------+-----
Stealth        | 3 |  3.0
Spellcasting   | 4 5 |  5.0
Conjurations   | 5 |  5.0
Earth Magic    | 1 2 |  2.1
Dodging        | 3 |  3.0

Action                     |  1- 3 |  4- 6 || total
---------------------------+-------+-------++-------
  Melee: Falchion          |       |     8 ||     8
   Cast: Magic Dart        |    49 |    20 ||    69
         Stone Arrow       |     2 |     2 ||     4
         Searing Ray       |       |     2 ||     2
 Armour: Robe              |     1 |     1 ||     2
  Dodge: Dodged            |     5 |     8 ||    13

Table legend: (Time is in decaauts)
 A = Elapsed time spent in this place.
 B = Non-inter-level travel time spent in this place.
 C = Inter-level travel time spent in this place.
 D = Time resting spent in this place.
 E = Time spent auto-exploring this place.
 F = Levels seen in this place.
 G = Mean time per level.
                   A        B        C        D        E       F      G
               +--------+--------+--------+--------+--------+-----+--------+
         Total |   1336 |   1299 |     37 |    286 |    329 |   2 |  668.0 |
       Dungeon |   1336 |   1299 |     37 |    286 |    329 |   2 |  668.0 |
               +--------+--------+--------+--------+--------+-----+--------+

Top non-repeatable levels by time:
     D:1: 686 daAuts
     D:2: 650 daAuts
